 Dungeon Crawl Stone Soup version 0.27.1 (webtiles) character file.

Game seed: 4466622600851065209

52 MajorAdolf the Sneak (level 3, -1/28 HPs)
             Began as a Naga Wanderer on Aug 23, 2021.
             Slain by a rat (3 damage)
             ... in a sewer.
             The game lasted 00:04:12 (1723 turns).

MajorAdolf the Sneak (Naga Wanderer)                Turns: 1723, Time: 00:04:13

Health: -1/28      AC:  1    Str: 15    XL:     3   Next: 85%
Magic:  3/3        EV:  4    Int: 11    God:
Gold:   60         SH: 14    Dex: 13    Spells: 2/2 levels left

rFire    . . .     SeeInvis +   h - +3 spear (freeze)
rCold    . . .     Faith    .   o - +3 tower shield
rNeg     . . .     Spirit   .   (no armour)
rPois    +         Reflect  .   (no helmet)
rElec    .         Harm     .   (no cloak)
rCorr    .         Rampage  .   (no gloves)
Will     .....                  (no barding)
Stlth    +++.......             (no amulet)
HPRegen  0.09/turn              (no ring)
MPRegen  0.08/turn              (no ring)

@: very slow
A: AC +1, large, see invisible, deformed body, poison resistance, slowness 2,
spit poison 1, naga tail 1, agile 1, frail 1
a: Spit Poison


You were in a sewer.
You visited 1 branch of the dungeon, and saw 3 of its levels.
You also visited: Sewer.

You collected 60 gold pieces.

Inventory:

Hand Weapons
 h - a +3 spear of freezing (weapon)
 i - a +1 short sword of protection
Armour
 d - a +0 pair of gloves
 l - a +0 tower shield
 o - a +3 tower shield (worn)
Jewellery
 n - a ring of fire
Wands
 e - a wand of flame (18)
Scrolls
 b - a scroll of blinking
 c - a scroll of enchant weapon
Potions
 a - a potion of heal wounds {unknown}
 k - a potion of curing {unknown}


   Skills:
 - Level 2.0 Fighting
 - Level 3.0 Maces & Flails
 - Level 1.7 Crossbows
 - Level 1.0 Throwing
 - Level 1.0 Armour
 - Level 5.0 Stealth
 + Level 1.2 Shields


You had 2 spell levels left.
You didn't know any spells.
Your spell library contained the following spells:

 Spells                   Type           Power      Damage    Failure   Level
 Animate Skeleton         Necr           0%         N/A       100%        1
 Apportation              Tloc           0%         N/A       100%        1
 Corona                   Hex            0%         N/A       100%        1
 Sting                    Tmut/Pois      0%         1d3       100%        1
 Summon Small Mammal      Summ           0%         N/A       100%        1
 Poisonous Vapours        Pois/Air       0%         N/A       100%        2
 Olgreb's Toxic Radiance  Pois           0%         N/A       100%        4


Dungeon Overview and Level Annotations

Branches:
Dungeon (3/15)              Sewer (1/1)

Altars:
Cheibriados

Annotations:
D:1 1 runed translucent door


Innate Abilities, Weirdness & Mutations

Your serpentine skin is tough. (AC +1)
You have supernaturally acute eyesight. (SInv)
Armour fits poorly on your strangely shaped body.
Your system is resistant to poisons. (rPois)
You cover ground very slowly.
You can spit poison.
You have a snake-like lower body.
You are agile. (Dex +2)
You are frail. (-10% HP)


Message History

The splash of poison hits the river rat.
The river rat is poisoned.
The river rat is moderately wounded.
Unknown command.
You closely miss the river rat.
The river rat is moderately wounded.
You block the river rat's attack.
You barely miss the river rat.
The river rat is heavily wounded.
You block the river rat's attack. x2
Unknown command.
You hit the river rat. You freeze the river rat.
The river rat is severely wounded.
The river rat bites you. The rat bites you.
You hit the river rat. You freeze the river rat.
You kill the river rat!
You have got your breath back.
You block the rat's attack. You block the river rat's attack.
The rat bites you.
Your Shields skill increases to level 1!
Unknown command.
You hit the river rat. You freeze the river rat.
The river rat is lightly wounded.
You block the river rat's attack. You block the rat's attack.
The river rat bites you.
Unknown command.
You closely miss the river rat.
The river rat is lightly wounded.
The rat bites you.
* * * LOW HITPOINT WARNING * * *
You block the river rat's attack. You block the rat's attack.
Unknown command.
You hit the river rat. You freeze the river rat.
The river rat is almost dead.
The river rat bites you.
* * * LOW HITPOINT WARNING * * *
You block the rat's attack. The river rat bites you.
* * * LOW HITPOINT WARNING * * *
The rat bites you.
You die... ############### #....rr@rr....≈ ###############

You could see a river rat and 3 rats.

Vanquished Creatures
  A river rat (Sewer)
  A dart slug (D:1)
  An orc (D:3)
  7 endoplasms
  3 giant cockroaches
  3 hobgoblins
  4 quokkas (D:3)
  5 ball pythons
  2 bats (D:1)
  2 frilled lizards
  2 goblins
  4 kobolds
  2 rats
  A spectral kobold (D:1)
38 creatures vanquished.

Notes
Turn   | Place    | Note
-------+----------+-------------------------------------------
     0 | D:1      | MajorAdolf the Naga Wanderer began the quest for the Orb.
     0 | D:1      | MajorAdolf set off with the following items: a +2 dagger, a
                  | scroll of blinking, a +0 ring mail, a +0 mace
     0 | D:1      | Reached XP level 1. HP: 19/19 MP: 1/1
     7 | D:1      | Found a runed translucent door.
    36 | D:1      | Reached skill level 2 in Stealth
   318 | D:1      | Reached skill level 3 in Stealth
   321 | D:1      | Reached XP level 2. HP: 16/26 MP: 2/2
   552 | D:1      | Found a faded altar of an unknown god.
   777 | D:1      | Reached skill level 4 in Stealth
   991 | D:1      | Reached XP level 3. HP: 32/32 MP: 3/3
  1178 | D:2      | Found a snail-covered altar of Cheibriados.
  1543 | D:3      | Gained mutation: You occasionally shout uncontrollably at
                  | your foes. [potion of mutation]
  1543 | D:3      | Gained mutation: You are partially covered in large bone
                  | plates. (SH +4) [potion of mutation]
  1544 | D:3      | Lost mutation: You occasionally shout uncontrollably at
                  | your foes. [potion of mutation]
  1544 | D:3      | Lost mutation: You are partially covered in large bone
                  | plates. (SH +4) [potion of mutation]
  1544 | D:3      | Gained mutation: You are frail. (-10% HP) [potion of
                  | mutation]
  1544 | D:3      | Gained mutation: You are agile. (Dex +2) [potion of
                  | mutation]
  1682 | D:3      | Found a glowing drain.
  1685 | D:3      | Reached skill level 5 in Stealth
  1714 | Sewer    | Entered a sewer
  1721 | Sewer    | Reached skill level 1 in Shields
  1723 | Sewer    | Slain by a rat

Illustrated notes

Levels and vault maps discovered:
D:1:      dpeg_arrival_caged_fury, layout_basic,
          dreamdust_ecumenical_altar_drowned_temple,
          chequers_serial_rivers_micro_d, roderic_cross_of_infinity,
          fountainhead
D:2:      layout_rooms, basic_altar, serial_park_tiny_1
D:3:      layout_basic, yredelemnul_forgotten_temple_becter,
          portal_sewer_entry_f, uniq_terence
Sewer:    sewer_kobolds

Skill      XL: |  1  2  3 |
---------------+----------+-----
Stealth        | 3 4 5 |  5.0
Shields        | 1 |  1.2
Fighting       | |  2.0
Maces & Flails | |  3.0
Crossbows      | |  1.7
Throwing       | |  1.0
Armour         | |  1.0

Action                   || total
-------------------------++-------
Melee: Spear             ||    71
       Dagger            ||     4
 Abil: Spit Poison       ||    21
  Use: Scroll            ||     6
       Potion            ||     2
 Stab: Sleeping          ||     6
Armor: Skin              ||     1
Dodge: Dodged            ||     8
Block: Tower shield      ||    27
